 Dungeon Crawl Stone Soup version 0.28.0-45-g0d030f2227 (webtiles) character file.

Game seed: 6212876249813028174

29 protoss039 the Digger (level 3, 26/26 HPs)
             Began as a Demonspawn Earth Elementalist on May 28, 2022.
             Got out of the dungeon alive.
             The game lasted 00:01:30 (1433 turns).

protoss039 the Digger (DsEE)                        Turns: 1433, Time: 00:01:31

Health: 26/26      AC:  2    Str:  8    XL:     3   Next: 1%
Magic:  6/6        EV: 12    Int: 18    God:
Gold:   30         SH:  4    Dex: 13    Spells: 3/6 levels left

rFire   . . .      SeeInvis .   e - +0 short sword (speed)
rCold   . . .      Faith    .   (no shield)
rNeg    . . .      Spirit   .   b - +0 robe
rPois   .          Reflect  .   (helmet restricted)
rElec   .          Harm     .   (no cloak)
rCorr   .          Rampage  .   (no gloves)
Will    .....                   (no boots)
Stlth   ++........              (no amulet)
HPRegen 0.08/turn               (no ring)
MPRegen 0.10/turn               (no ring)

@: no status effects
A: antennae 1, condensation shield
a: no special abilities


You escaped.
You visited 1 branch of the dungeon, and saw 2 of its levels.

You collected 30 gold pieces.

Inventory:

Hand Weapons
 e - a +0 short sword of speed (weapon)
Missiles
 c - 40 stones
Armour
 b - a +0 robe (worn)
Scrolls
 a - a scroll of vulnerability {unknown}
 d - a scroll of enchant weapon {unknown}
 g - a scroll of immolation {unknown}
Potions
 f - a potion of cancellation {unknown}
 h - a potion of curing {unknown}


   Skills:
 * Level 1.5 Fighting
 + Level 0.8 Armour
 - Level 1.7 Dodging
 - Level 1.7 Stealth
 + Level 2.2 Spellcasting
 - Level 1.0 Transmutations
 + Level 2.9 Earth Magic


You had 3 spell levels left.
You knew the following spells:

 Your Spells              Type           Power      Damage    Failure   Level
a - Sandblast             Erth           24%        2d8       5%          1
b - Passwall              Tmut/Erth      7%         N/A       12%         2

Your spell library contained the following spells:

 Spells                   Type           Power      Damage    Failure   Level
 Sting                    Tmut/Pois      12%        1d3       14%         1
 Poisonous Vapours        Pois/Air       4%         N/A       26%         2
 Stone Arrow              Conj/Erth      14%        3d7       28%         3
 Petrify                  Tmut/Erth      9%         N/A       61%         4
 Olgreb's Toxic Radiance  Pois           2%         N/A       87%         4


Dungeon Overview and Level Annotations

Branches:
Dungeon (2/15)

Altars:


Innate Abilities, Weirdness & Mutations

You have a pair of small antennae on your head.
A meltable shield of frost defends you. (SH +4)


Message History

The adder barely misses you.
Unknown command.
You miss the adder.
The adder is severely wounded.
The adder barely misses you.
You miss the adder.
The adder is severely wounded.
You block the adder's attack.
Unknown command.
You miss the adder.
The adder is severely wounded.
The adder closely misses you.
Unknown command.
You hit the adder but do no damage.
The adder is severely wounded.
You block the adder's attack.
You hit the adder but do no damage.
The adder is severely wounded.
The adder bites you.
You hit the adder.
The adder is almost dead.
The adder bites you.
You hit the adder.
You kill the adder!
You have reached level 3!
Your experience leads to an increase in your attributes!
Increase (S)trength, (I)ntelligence, or (D)exterity?
You feel clever. x2; Your demonic ancestry asserts itself...
A pair of antennae grows on your head!
Unknown command.
Magic restored.
There is a stone staircase leading up here.
You climb upwards.
There is a stone staircase leading down here.
HP restored.
There is an open door here.
There is an open door here.
There is a staircase leading out of the dungeon here.
Are you sure you want to leave the Dungeon?
This will make you lose the game!
You have escaped!

..# #.# ###....###.# #.## #.#
#.# #..........# ##.## #.#
#.# #..>....[..# #.... #.#
#.######.........## #..## #.#
#.##..........#### #..## #.#
#.............# #.#..
#.#################### #.##.
#...# ##.........## #.#..
#...# #..♣..@..♣..# #[...
#.### ##.........## ####. #.#
##### #####'##### ##### #.
#.# ##...######...######...##
#) #.#
#.......................# #.
#.# #..⌠........⌠........⌠..#
#. #.#
#.......................####.
#.#
##...######...######...##....
#.#####'## ##>## ##'###....


There were no monsters in sight!

Vanquished Creatures
  An adder (D:2)
  A dart slug (D:1)
  An endoplasm (D:1)
  3 giant cockroaches (D:1)
  2 hobgoblins (D:1)
  3 ball pythons (D:1)
  4 bats (D:1)
  A goblin (D:1)
  2 kobolds (D:1)
18 creatures vanquished.

Notes
Turn   | Place    | Note
-------+----------+-------------------------------------------
     0 | D:1      | protoss039 the Demonspawn Earth Elementalist began the
                  | quest for the Orb.
     0 | D:1      | Reached XP level 1. HP: 13/13 MP: 3/3
   226 | D:1      | Reached skill level 1 in Transmutations
   396 | D:1      | Gained mutation: A meltable shield of frost defends you.
                  | (SH +4) [demonic ancestry]
   396 | D:1      | Reached XP level 2. HP: 20/20 MP: 5/5
   482 | D:1      | Reached skill level 1 in Fighting
  1091 | D:1      | Learned a level 2 spell: Passwall
  1343 | D:2      | Gained mutation: You have a pair of small antennae on your
                  | head. [demonic ancestry]
  1343 | D:2      | Reached XP level 3. HP: 22/26 MP: 4/6
  1433 | D:$      | Got out of the dungeon alive.

Illustrated notes

Levels and vault maps discovered:
D:1:      minmay_arrival_split_and_join, layout_loops_ring
D:2:      layout_loops_corners, serial_shops,
          nicolae_shop_temple_entry_statues_fountains, basic_altar

Skill      XL: |  1  2 |
---------------+-------+-----
Transmutations | 1 |  1.0
Fighting       | 1 |  1.5
Armour         | |  0.8
Dodging        | |  1.7
Stealth        | |  1.7
Spellcasting   | |  2.2
Earth Magic    | |  2.9

Action                   || total
-------------------------++-------
Melee: Short sword       ||    52
       Unarmed           ||     3
 Cast: Sandblast         ||    10
 Stab: Sleeping          ||     4
Armor: Robe              ||     9
Dodge: Dodged            ||    36
Block: Other             ||     8
